Cogmind - Beta 14 @@@ ROGUE MODE // 2024.09.05 @ 16:28:18 Player: THN-L0C Result: Destroyed by S-27 Virus with Autogun Performance ------------- Evolutions (4) 2000 Regions Visited (13) 2600 Robots Destroyed (89) 445 Value Destroyed (2568) 2568 Prototype IDs (16) 320 Alien Tech Used (0) 0 Bonus (106) 106 TOTAL SCORE: 8039 Bonus ------- Follower Combat Kills 254 Met Imprinter 300 Was Imprinted 300 Friendly Fire -748 Cogmind --------- Core Integrity 0/850 Matter 290/300 Energy 150/150 System Corruption 4% Temperature Cool (0) Movement Hovering (56) Location -6/Lower Caves Parts ------- > --- POWER (1) -------- Micro Nuclear Core > --- PROPULSION (4) --- Gravmag System Gravmag Array > --- UTILITY (7) ------ Medium Storage Unit Core Analyzer Core Analyzer Experimental Core Analyzer Experimental Armor Integrity Analyzer Makeshift Cloaking Device Hacking Drone Bay (1/1) > --- WEAPON (3) ------- Axe Power Sword > --- INVENTORY (10) --- Light Nuclear Core Huge Storage Unit High-capacity Matter Pod (200) Improved Actuator Array Improved Actuator Array Improved Field Recycling Unit (0) Heart of Steel Peak State ------------ > --- POWER ------------ Enhanced Nuclear Core > --- PROPULSION ------- Armored Huge Wheel > --- UTILITY ---------- Huge Storage Unit Experimental Core Analyzer Experimental Armor Integrity Analyzer Experimental Hacking Suite Heart of Steel > --- WEAPON ----------- Makeshift Hammer Phasing Sabre CR-A16's Pointy Stick > --- INVENTORY -------- Micro Fission Core High-capacity Storage Unit High-capacity Matter Pod Core Analyzer Microactuators Makeshift Transmission Jammer Improved Medium Armor Plating Makeshift Hacking Suite Hacking Drone Bay Army-in-a-Box Flak Gun Flak Gun Heavy Missile Launcher Heavy Missile Launcher Makeshift Hammer Self-destruct Interrupter [Rating: 91] Favorites ----------- Power Enhanced Nuclear Core Engine Light Ion Engine Power Core Enhanced Nuclear Core Propulsion Armored Huge Wheel Treads Light Treads Leg Flexi-carbon Leg Wheel Armored Huge Wheel Hover Unit Gravmag Array Flight Unit Nuclear Pulse Thruster Utility Core Analyzer Device Seismic Detector Storage Huge Storage Unit Processor Core Analyzer Hackware Experimental Hacking Suite Protection Improved Medium Armor Plating Weapon Flak Gun Energy Gun Heavy Laser Energy Cannon Light EM Pulse Cannon Ballistic Gun Flak Gun Ballistic Cannon Bore Cannon Launcher Heavy Missile Launcher Impact Weapon Makeshift Hammer Slashing Weapon Phasing Sabre Piercing Weapon CR-A16's Pointy Stick Build | -11 -10 -10 -10 -9 -8 -7 -7 -7 -7 -6 -6 -6 -6 ------- Run | Yrd Mat Min Exi Min Mat Fac Low Low Zio Pro Fac Low Low Slots Evolved 8 | . . . . . 4 2 . . . . 2 . . Power . | . . . . . . . . . . . . . . Propulsion 2 | . . . . . . . . . . . 2 . . Utility 5 | . . . . . 3 2 . . . . . . . Weapon 1 | . . . . . 1 . . . . . . . . Parts Attached 173 | 7 18 3 2 18 16 9 9 . 31 17 39 1 3 Power 19 | 1 3 . . 3 1 1 1 . 1 1 6 . 1 Engine 11 | 1 3 . . 3 . . . . . . 4 . . Core 8 | . . . . . 1 1 1 . 1 1 2 . 1 Reactor . | . . . . . . . . . . . . . . Propulsion 21 | 2 3 . . 4 2 1 . . . . 8 1 . Treads 5 | 2 3 . . . . . . . . . . . . Leg 6 | . . . . 4 2 . . . . . . . . Wheel 7 | . . . . . . 1 . . . . 5 1 . Hover 2 | . . . . . . . . . . . 2 . . Flight 1 | . . . . . . . . . . . 1 . . Utility 76 | 2 4 . 1 1 6 4 6 . 24 8 18 . 2 Device 40 | 1 1 . . 1 4 . 4 . 13 5 10 . 1 Storage 11 | 1 2 . 1 . 1 1 1 . 1 . 3 . . Processor 18 | . 1 . . . 1 2 1 . 7 . 5 . 1 Hackware 2 | . . . . . . . . . 1 1 . . . Protection 5 | . . . . . . 1 . . 2 2 . . . Artifact . | . . . . . . . . . . . . . . Weapon 57 | 2 8 3 1 10 7 3 2 . 6 8 7 . . Energy Gun 1 | . . . . . . . . . . . 1 . . Energy Cannon 16 | . 4 1 . 4 1 . . . . 5 1 . . Ballistic Gun 22 | 2 3 1 1 6 5 2 1 . 1 . . . . Ballistic Cannon 1 | . . . . . . . . . . 1 . . . Launcher 3 | . . . . . . 1 . . . 2 . . . Special Weapon . | . . . . . . . . . . . . . . Impact Weapon 7 | . 1 1 . . . . 1 . 2 . 2 . . Slashing Weapon 6 | . . . . . 1 . . . 2 . 3 . . Piercing Weapon 1 | . . . . . . . . . 1 . . . . Special Melee Weapon . | . . . . . . . . . . . . . . Unidentified Prototypes 12 | . . . . . 1 . . . 9 . 2 . . Parts Lost 28 | . . . . 3 . 2 . . . 9 14 . . Power 4 | . . . . 1 . . . . . 1 2 . . Propulsion 6 | . . . . 1 . . . . . 1 4 . . Utility 6 | . . . . . . 2 . . . 1 3 . . Weapon 12 | . . . . 1 . . . . . 6 5 . . Highest Loss Streak 9 | . . . . 3 . 1 . . . 6 9 . . To Critical Strikes . | . . . . . . . . . . . . . . Average Slot Usage (%) 85 | . 99 100 100 97 97 89 91 92 86 78 54 80 80 Engine 2 | . 14 14 14 12 1 . . . . . 1 . . Core 5 | . . . . . 7 7 7 7 7 5 2 6 6 Treads 4 | . 27 28 28 4 . . . . . . . . . Leg 2 | . . . . 22 17 2 . . . . . . . Wheel 3 | . . . . . . 5 7 7 7 1 3 . . Device 12 | . 14 . . 2 27 19 14 15 13 8 5 6 8 Storage 7 | . 14 14 14 14 9 13 8 7 4 7 5 6 6 Processor 17 | . . 14 14 11 6 14 28 30 24 15 14 26 30 Hackware 3 | . . . . . . . . . 3 14 5 . . Energy Cannon 2 | . 9 7 14 16 2 . . . . 2 1 . . Ballistic Gun 9 | . 14 19 . 11 24 22 22 23 7 . . . . Impact Weapon 3 | . 2 1 14 . . . . . 5 1 3 . . Slashing Weapon 4 | . . . . . . . . . 6 7 4 13 13 Peak Build Rating 91 | 7 11 11 18 26 52 57 60 61 91 86 77 68 73 Average Rating 55 | 5 9 11 16 23 47 54 56 60 71 72 57 67 70 On Entrance 41 | . 7 11 11 18 25 51 51 60 61 81 61 70 67 Naked Turns . | . . . . . . . . . . . . . . Heaviest Build 120 | 12 21 20 50 56 69 78 102 102 113 120 105 26 26 Greatest Support 40 | 40 40 40 40 40 37 37 28 28 28 28 30 29 29 Greatest Overweight (x) 39 | 2 . . 1 2 1 2 3 3 4 39 33 . . Average Overweight (x) 1 | . . . . 1 1 1 2 3 2 10 3 . . Largest Inventory Capacity 25 | 8 10 10 20 20 20 20 25 25 25 25 25 10 10 Average Capacity 18 | 7 8 10 18 20 20 20 20 25 19 25 20 10 10 Most Carried 25 | . 10 10 20 20 20 20 23 25 25 25 25 10 10 Average Carried 17 | . 8 10 16 19 19 19 19 24 18 23 13 9 9 Final Capacity 25 | 8 10 10 20 20 20 20 25 25 25 25 10 10 10 Final Carried 25 | . 10 10 20 19 20 20 23 25 25 22 10 10 9 Class Distribution -------------------- 46% | Mutant 19% | Gunner 13% | Hacker-Mutant 9% | Derelict-Mutant 4% | Commander-Mutant Dominant Class ---------------- Mutant | -10/Materials Mutant | -10/Mines Commander-Mutant | -10/Exiles Mutant | -9/Mines Gunner | -8/Materials Gunner | -7/Factory Gunner | -7/Lower Caves Gunner | -7/Lower Caves Mutant | -7/Zion Hacker-Mutant | -6/Proximity Caves Mutant | -6/Factory Scavenger-Mutant | -6/Lower Caves Mutant | -6/Lower Caves Resources | -11 -10 -10 -10 -9 -8 -7 -7 -7 -7 -6 -6 -6 -6 ----------- Run | Yrd Mat Min Exi Min Mat Fac Low Low Zio Pro Fac Low Low Matter Collected 4387 | 209 316 128 20 317 416 165 311 32 784 781 791 42 75 Remotely . | . . . . . . . . . . . . . . Salvage Created 3588 | 24 354 130 90 211 73 268 147 . 284 629 1336 42 . Parts 154 | 3 26 5 1 . 2 22 8 . 14 27 42 4 . Haulers Intercepted 2 | . . . . . . 1 . . . . 1 . . Recyclers Shooed 2 | 1 1 . . . . . . . . . . . . Parts Field Recycled 53 | . . . . . . . . . 50 3 . . . Retrieved Matter 408 | . . . . . . . . . 405 3 . . . Parts Self-Destructed 29 | . . . . . . . 8 . . 21 . . . Prevented 2 | . . . . . . . . . . 2 . . . Kills | -11 -10 -10 -10 -9 -8 -7 -7 -7 -7 -6 -6 -6 -6 ------- Run | Yrd Mat Min Exi Min Mat Fac Low Low Zio Pro Fac Low Low Combat Hostiles Destroyed 75 | . 8 5 . 14 2 6 4 . . 26 10 . . Melee 11 | . . . . . . . . . . 3 8 . . Guns 25 | . 1 3 . 11 2 4 4 . . . . . . Cannons 10 | . 4 2 . 3 . . . . . 1 . . . AOE 24 | . 2 . . . . 2 . . . 20 . . . Classes Destroyed 15 | 1 4 . . 1 1 4 . . 1 . 2 1 . Worker 6 | . . . . . . 2 . . . . 4 . . Builder 5 | . . . . . . . . . . . 5 . . Tunneler 2 | 1 . . . . . 1 . . . . . . . Hauler 2 | . . . . . . 1 . . . . 1 . . Recycler 5 | . 1 . . . . . . . . . 4 . . Operator 1 | . . . . . . . . . . . 1 . . Watcher 3 | . 2 . . . . 1 . . . . . . . Swarmer 22 | . 3 3 . . . . . . . 13 3 . . Grunt 32 | . 5 2 . . 1 2 4 . . 11 7 . . Duelist 2 | . . . . . 1 1 . . . . . . . Sentry 3 | . . . . . . 1 . . . 2 . . . Programmer 2 | . . . . . . 2 . . . . . . . Samaritan 1 | . . . . . . . . . . . . 1 . Assembled 14 | . . . . 14 . . . . . . . . . Mutant 4 | . . . . . . . . . 4 . . . . Best Kill Streak 8 | 1 4 3 . 7 1 5 4 . . 8 4 . . Combat Bots Only 8 | . 3 3 . 7 1 3 4 . . 8 4 . . Max Kills in Single Turn 4 | 1 1 1 . 1 1 2 1 . 1 4 1 1 . Gunslinging . | . . . . . . . . . . . . . . Exploded 4 | . 1 . . . . 1 . . . 4 . . . Melee 1 | . . . . . . . . . . 1 1 . . Uniques/NPCs Destroyed . | . . . . . . . . . . . . . . Combat | -11 -10 -10 -10 -9 -8 -7 -7 -7 -7 -6 -6 -6 -6 -------- Run | Yrd Mat Min Exi Min Mat Fac Low Low Zio Pro Fac Low Low Hostile Shots Fired 469 | . 20 31 . 40 3 64 15 . . 138 146 . 12 Missed 132 | . 10 9 . 7 1 31 2 . . 36 32 . 4 Damage Taken 5838 | . 100 239 . 628 48 641 202 . . 1819 2080 . 81 Core 1529 | . 11 51 . 90 . 166 . . . 350 849 . 12 Absorbed by Shields . | . . . . . . . . . . . . . . Regen/Repaired (Parts) 51 | . . . . . 51 . . . . . . . . Core Remaining (%) 66 | 100 . . . 39 100 . . . . 26 . . . Volleys Fired 131 | 3 22 14 . 27 4 14 7 . . 38 2 . . Largest 3 | 2 2 2 . 2 3 3 3 . . 2 1 . . Hottest 170 | 40 79 79 . 112 112 95 84 . . 170 85 . . Shots Fired 242 | 6 39 28 . 54 12 39 21 . 1 39 2 . 1 Gun 156 | 6 22 22 . 38 10 35 21 . 1 . . . 1 Cannon 60 | . 17 6 . 16 2 . . . . 17 2 . . Launcher 26 | . . . . . . 4 . . . 22 . . . Special . | . . . . . . . . . . . . . . Kinetic 156 | 6 22 22 . 38 10 35 21 . 1 1 . . . Thermal 19 | . . . . . . . . . . 16 2 . 1 Explosive 26 | . . . . . . 4 . . . 22 . . . Electromagnetic 41 | . 17 6 . 16 2 . . . . . . . . Robot Hit Streak 15 | 3 10 11 . 15 7 6 7 . . 8 1 . 2 Robot Miss Streak 8 | 1 3 3 . 3 5 7 8 . . 2 2 . . Penetration Max . | . . . . . . . . . . . . . . Secondary Targets 8 | . . 2 . 2 . 1 3 . . . . . . Max Gunslinging Chain 1 | . . 1 . 1 . 1 1 . . . . . . Shots Hit Robots 222 | 4 23 16 4 40 9 31 18 . 4 21 50 1 1 Core Hits 194 | 1 13 7 . 21 12 46 24 . 3 48 18 1 . Critical Kills 4 | . . . . 1 . . . . . 1 2 . . Critical Parts Destroyed 3 | . . . 1 . . . . . . 1 1 . . Critical Strikes 7 | . . . 1 1 . . . . . 2 3 . . Meltdown 2 | . . . . . . . . . . 1 1 . . Destroy 1 | . . . . 1 . . . . . . . . . Smash 4 | . . . 1 . . . . . . 1 2 . . Melee Attacks 136 | . 6 4 4 . 2 . 3 . 9 9 83 1 15 Impact 40 | . 6 4 4 . . . 3 . 2 1 20 . . Slashing 96 | . . . . . 2 . . . 7 8 63 1 15 Piercing . | . . . . . . . . . . . . . . Sneak Attacks 24 | . . . . . . . . . 4 . 19 1 . Combat Hostiles . | . . . . . . . . . . . . . . Follow-up Attacks 9 | . . . . . . . . . . 1 8 . . Damage Inflicted 9262 | 39 561 420 366 647 135 837 278 . 348 2862 2676 93 . Guns 1614 | 39 152 156 . 456 109 424 278 . . . . . . Cannons 1043 | . 315 152 . 191 20 . . . . 335 30 . . Explosions 2850 | . 92 112 . . . 408 . . . 2238 . . . Melee 3742 | . . . 366 . . . . . 348 289 2646 93 . Ramming 13 | . 2 . . . 6 5 . . . . . . . Kinetic 1614 | 39 152 156 . 456 109 424 278 . . . . . . Thermal 569 | . 92 112 . . . . . . . 335 30 . . Explosive 2646 | . . . . . . 408 . . . 2238 . . . Electromagnetic 678 | . 315 152 . 191 20 . . . . . . . . Impact 1205 | . . . 366 . . . . . . 60 779 . . Slashing 2537 | . . . . . . . . . 348 229 1867 93 . Piercing . | . . . . . . . . . . . . . . Highest Corruption 10 | . . . . . . 1 1 1 10 . 4 4 4 Average Corruption 2 | . . . . . . 1 1 1 5 . 2 4 4 Corruption Purged 10 | . . . . . . . . . 10 . . . . Corruption Blocked . | . . . . . . . . . . . . . . Effects 45 | . . . . . . 2 4 2 14 . 6 6 11 Message Errors 9 | . . . . . . . . 1 4 . 1 1 2 Matter Fused 14 | . . . . . . 1 . . 6 . 2 2 3 Heat Flow Errors 6 | . . . . . . . 1 . . . 1 2 2 Energy Discharges 6 | . . . . . . . 3 . . . 1 1 1 Data Loss (minor) 4 | . . . . . . . . . 2 . 1 . 1 Data Loss (major) 3 | . . . . . . . . 1 1 . . . 1 Misfires 3 | . . . . . . 1 . . 1 . . . 1 Overload Shots . | . . . . . . . . . . . . . . Overflow Damage 1031 | . 8 3 172 10 . 2 . . 67 163 606 . . Projectiles 21 | . 8 3 . 10 . . . . . . . . . Explosions 75 | . . . . . . 2 . . . 73 . . . Melee 935 | . . . 172 . . . . . 67 90 606 . . Knockbacks 5 | . . . . . . . . . . 1 4 . . Impact 5 | . . . . . . . . . . 1 4 . . Kinetic . | . . . . . . . . . . . . . . Secondary . | . . . . . . . . . . . . . . Self-Inflicted Damage 68 | . . 22 . . . 2 . . . 44 . . . Shots 2 | . . 1 . . . . . . . 1 . . . Rammed 2 | . 1 . . . . 1 . . . . . . . Targets Rammed 3 | . 1 . . . 1 1 . . . . . . . Kicked 1 | . . . . . 1 . . . . . . . . Crushed . | . . . . . . . . . . . . . . Highest Temperature 292 | . 142 179 . 217 . 66 211 . 249 292 154 255 244 Average Temperature 71 | . 49 53 . 72 . 14 103 . 110 103 51 113 97 Received Heat Transfer 2099 | . 36 81 . 200 9 90 117 . . 825 720 . 21 Siege Activations . | . . . . . . . . . . . . . . Robots Corrupted 8 | . 1 . 1 . . . . . . 1 5 . . Combat Hostiles 3 | . 1 . . . . . . . . 1 1 . . Parts Fried 10 | . 2 . . . . . . . . . 8 . . Impact Corruptions 19 | . . . 5 . . . . . . 2 12 . . Robots Melted 2 | . . . . . . . . . . 1 1 . . Combat Hostiles 2 | . . . . . . . . . . 1 1 . . Parts Melted 2 | . . . . . . . . . . . 2 . . Heat Transferred 694 | . 50 200 . . . . . . . 407 37 . . Parts Sabotaged . | . . . . . . . . . . . . . . Parts Stolen . | . . . . . . . . . . . . . . Parts Stripped . | . . . . . . . . . . . . . . Power Chain Reactions 4 | . 2 2 . . . . . . . . . . . Alert | -11 -10 -10 -10 -9 -8 -7 -7 -7 -7 -6 -6 -6 -6 ------- Run | Yrd Mat Min Exi Min Mat Fac Low Low Zio Pro Fac Low Low Peak Influence 252 | 5 133 171 . . 69 217 . . . . 252 . . Initial 40 | . 3 40 . . . 7 . . . . 29 . . Average 45 | 1 45 87 . . 13 61 . . . . 64 . . Maximum Alert Level 1 | . . . . . . 1 . . . . 1 . . Low Security (%) 95 | 100 100 100 . 100 100 94 . . . . 86 . . Level 1 4 | . . . . . . 5 . . . . 13 . . Level 2 . | . . . . . . . . . . . . . . Level 3 . | . . . . . . . . . . . . . . Level 4 . | . . . . . . . . . . . . . . Level 5 . | . . . . . . . . . . . . . . High Security . | . . . . . . . . . . . . . . Max Security . | . . . . . . . . . . . . . . Squads Dispatched 17 | . 3 . . . 6 1 . . . 1 6 . . Investigation 5 | . 3 . . . . . . . . 1 1 . . Extermination 5 | . . . . . . 1 . . . . 4 . . Reinforcement 4 | . . . . . 3 . . . . . 1 . . Assault . | . . . . . . . . . . . . . . Garrison 3 | . . . . . 3 . . . . . . . . Intercept . | . . . . . . . . . . . . . . Searches Triggered . | . . . . . . . . . . . . . . Construction Impeded 1 | . . . . . . . . . . . 1 . . Haulers Reinforced . | . . . . . . . . . . . . . . Active Scanning Responses . | . . . . . . . . . . . . . . Cargo Convoy Interrupts . | . . . . . . . . . . . . . . Stealth | -11 -10 -10 -10 -9 -8 -7 -7 -7 -7 -6 -6 -6 -6 --------- Run | Yrd Mat Min Exi Min Mat Fac Low Low Zio Pro Fac Low Low Distress Signals 8 | . 2 . . . 2 2 . . . . 2 . . Communications Jammed 1 | . . . . . 1 . . . . . . . . Distress Signals . | . . . . . . . . . . . . . . Times Spotted 123 | . 14 7 . 16 4 17 4 . . 22 34 . 5 Peak Tracking Total 7 | . 4 3 . 7 1 5 4 . . 7 5 . 4 Tactical Retreats 18 | . 4 . . 2 . . . . . 4 6 . 2 Traps | -11 -10 -10 -10 -9 -8 -7 -7 -7 -7 -6 -6 -6 -6 ------- Run | Yrd Mat Min Exi Min Mat Fac Low Low Zio Pro Fac Low Low Traps Triggered 9 | . 4 . . . 2 3 . . . . . . . Indirectly . | . . . . . . . . . . . . . . Trap Hack Attempts . | . . . . . . . . . . . . . . Triggered . | . . . . . . . . . . . . . . Disarmed . | . . . . . . . . . . . . . . Reprogrammed . | . . . . . . . . . . . . . . Reused . | . . . . . . . . . . . . . . Traps Extracted . | . . . . . . . . . . . . . . Installed . | . . . . . . . . . . . . . . Triggered 1 | . . . . . . . . . . . . 1 . Machines | -11 -10 -10 -10 -9 -8 -7 -7 -7 -7 -6 -6 -6 -6 ---------- Run | Yrd Mat Min Exi Min Mat Fac Low Low Zio Pro Fac Low Low Machines Disabled 2 | . . . . . . . . . . 2 . . . Max in Single Turn 1 | . . . . . . . . . . 1 . . . Garrison Access 2 | . . . . . 1 . . . . . 1 . . Machines Repaired . | . . . . . . . . . . . . . . Machines Dismantled . | . . . . . . . . . . . . . . Machines Sabotaged . | . . . . . . . . . . . . . . Overloaded Fab Kills . | . . . . . . . . . . . . . . Hacking | -11 -10 -10 -10 -9 -8 -7 -7 -7 -7 -6 -6 -6 -6 --------- Run | Yrd Mat Min Exi Min Mat Fac Low Low Zio Pro Fac Low Low Machines Accessed 32 | . 10 . . . 13 3 1 1 . 1 3 . . Terminals 20 | . 8 . . . 8 3 . . . 1 . . . Fabricators . | . . . . . . . . . . . . . . Repair Stations 1 | . . . . . 1 . . . . . . . . Recycling Units 5 | . 2 . . . 1 . . . . . 2 . . Scanalyzers 2 | . . . . . 2 . . . . . . . . Garrison Access 2 | . . . . . 1 . . . . . 1 . . Total Hacks 101 | . 37 . . . 48 6 1 1 . 4 4 . . Successful 68 | . 20 . . . 36 4 1 1 . 4 2 . . Failed 33 | . 17 . . . 12 2 . . . . 2 . . Catastrophic . | . . . . . . . . . . . . . . Database Lockouts . | . . . . . . . . . . . . . . Manual 58 | . 28 . 1 . 18 6 . . . . 5 . . Terminals 69 | . 31 . . . 28 6 . . . 4 . . . Fabricators . | . . . . . . . . . . . . . . Repair Stations 4 | . . . . . 4 . . . . . . . . Recycling Units 11 | . 6 . . . 2 . . . . . 3 . . Scanalyzers 13 | . . . . . 13 . . . . . . . . Garrison Access 2 | . . . . . 1 . . . . . 1 . . Terminal Hacks 25 | . 9 . . . 9 1 1 1 . 4 . . . Record 4 | . . . . . . . . . . 4 . . . Part Schematic 2 | . 2 . . . . . . . . . . . . Robot Analysis 5 | . 2 . . . 3 . . . . . . . . Prototype ID Bank 3 | . 2 . . . 1 . . . . . . . . Open Door 2 | . . . . . . . 1 1 . . . . . Open DSF 1 | . . . . . . 1 . . . . . . . Terminal Index 2 | . 1 . . . 1 . . . . . . . . Alert Level 1 | . . . . . 1 . . . . . . . . Locate Traps 1 | . 1 . . . . . . . . . . . . Recall Reinforcements 1 | . . . . . 1 . . . . . . . . Hauler Manifests 2 | . 1 . . . 1 . . . . . . . . Registered Components 1 | . . . . . 1 . . . . . . . . Fabricator Hacks . | . . . . . . . . . . . . . . Repair Station Hacks 3 | . . . . . 3 . . . . . . . . Scan Component 2 | . . . . . 2 . . . . . . . . Repair 1 | . . . . . 1 . . . . . . . . Recycling Unit Hacks 4 | . 2 . . . 1 . . . . . 1 . . Retrieve Components 4 | . 2 . . . 1 . . . . . 1 . . Scanalyzer 12 | . . . . . 12 . . . . . . . . Insert Component 6 | . . . . . 6 . . . . . . . . Analyze 6 | . . . . . 6 . . . . . . . . Garrison Access Hacks 2 | . . . . . 1 . . . . . 1 . . Seal Access 2 | . . . . . 1 . . . . . 1 . . Unauthorized Hacks 22 | . 9 . . . 10 3 . . . . . . . Terminals 21 | . 8 . . . 10 3 . . . . . . . Botnet 8 | . 3 . . . 4 1 . . . . . . . Skim 13 | . 5 . . . 6 2 . . . . . . . Fabricators . | . . . . . . . . . . . . . . Repair Stations . | . . . . . . . . . . . . . . Recycling Units 1 | . 1 . . . . . . . . . . . . Tunnel 1 | . 1 . . . . . . . . . . . . Scanalyzers . | . . . . . . . . . . . . . . Garrison Access . | . . . . . . . . . . . . . . Data Cores Recovered 1 | . . . . . . 1 . . . . . . . Used . | . . . . . . . . . . . . . . Hacking Detections 26 | . 9 . . . 12 2 . . . 1 2 . . Full Trace Events 1 | . . . . . . . . . . 1 . . . Feedback Events . | . . . . . . . . . . . . . . Feedback Blocked . | . . . . . . . . . . . . . . Robot Schematics Acquired 4 | . . . . . . . . . 4 . . . . Robots Built . | . . . . . . . . . . . . . . Authchips . | . . . . . . . . . . . . . . Time . | . . . . . . . . . . . . . . Total Robot Build Rating . | . . . . . . . . . . . . . . Part Schematics Acquired 22 | . 2 . . . 6 . . . 14 . . . . Parts Built . | . . . . . . . . . . . . . . Authchips . | . . . . . . . . . . . . . . Time . | . . . . . . . . . . . . . . Total Part Build Rating . | . . . . . . . . . . . . . . Parts Repaired 1 | . . . . . 1 . . . . . . . . Time 50 | . . . . . 50 . . . . . . . . Parts Recycled . | . . . . . . . . . . . . . . Recycled Matter . | . . . . . . . . . . . . . . Retrieved Matter . | . . . . . . . . . . . . . . Retrieved Components 29 | . 13 . . . 6 . . . . . 10 . . Parts Scanalyzed 6 | . . . . . 6 . . . . . . . . Part Schematics Acquired 6 | . . . . . 6 . . . . . . . . Parts Damaged . | . . . . . . . . . . . . . . Bothacking | -11 -10 -10 -10 -9 -8 -7 -7 -7 -7 -6 -6 -6 -6 ------------ Run | Yrd Mat Min Exi Min Mat Fac Low Low Zio Pro Fac Low Low Used RIF Installer . | . . . . . . . . . . . . . . Robots Hacked . | . . . . . . . . . . . . . . Non-combat . | . . . . . . . . . . . . . . Combat . | . . . . . . . . . . . . . . Robot Hacks Applied . | . . . . . . . . . . . . . . Relay Couplers Released 3 | . . . . . . 3 . . . . . . . Programmers 3 | . . . . . . 3 . . . . . . . Fabnet Peak Effective % . | . . . . . . . . . . . . . . Robots Rewired 4 | . . . 4 . . . . . . . . . . Allies Hacked . | . . . . . . . . . . . . . . Hacks Repelled . | . . . . . . . . . . . . . . Allies | -11 -10 -10 -10 -9 -8 -7 -7 -7 -7 -6 -6 -6 -6 -------- Run | Yrd Mat Min Exi Min Mat Fac Low Low Zio Pro Fac Low Low Total Allies 13 | . . . 4 . . . . . 4 . 5 . . Largest Group 4 | . . . 4 4 . . . . 4 . 4 . . Highest-Rated Group 149 | . . . 45 45 . . . . 149 . 112 . . Highest-Rated Ally 40 | . . . 21 21 . . . . 40 . 28 . . Zionite Dispatches 2 | . . . . . . . . . . . 2 . . Fire 1 | . . . . . . . . . . . 1 . . Infowar Resupply 1 | . . . . . . . . . . . 1 . . Total Orders 5 | . . . . . . . . . . . 2 . 3 DROP 1 | . . . . . . . . . . . 1 . . EXPLORE 2 | . . . . . . . . . . . . . 2 RETURN 2 | . . . . . . . . . . . 1 . 1 Ally Attacks 51 | . . . . 14 . . . . . . 37 . . Total Damage 719 | . . . . 75 . . . . . . 644 . . Kills 7 | . . . . 1 . . . . . . 6 . . Allies Corrupted . | . . . . . . . . . . . . . . Allies Melted . | . . . . . . . . . . . . . . Intel | -11 -10 -10 -10 -9 -8 -7 -7 -7 -7 -6 -6 -6 -6 ------- Run | Yrd Mat Min Exi Min Mat Fac Low Low Zio Pro Fac Low Low Robot Analysis Total 5 | . 2 . . . 3 . . . . . . . . Derelict Logs Recovered 6 | . . . . . . . 2 2 1 . . 1 . Drone Launches 31 | . . . . . . . . . . . 28 . 3 Drone Recoveries 27 | . . . . . . . . . . . 24 . 3 Exploration | -11 -10 -10 -10 -9 -8 -7 -7 -7 -7 -6 -6 -6 -6 ------------- Run | Yrd Mat Min Exi Min Mat Fac Low Low Zio Pro Fac Low Low Turns Passed 20216 | 76 1486 569 1216 525 1750 771 598 653 7550 2054 2279 202 487 Spaces Moved 11504 | 41 815 322 530 181 843 477 413 447 5010 364 961 353 747 Core 259 | 13 . . . . . . . . . 81 165 . . Treads 1709 | 28 815 322 530 14 . . . . . . . . . Legs 1088 | . . . . 167 843 78 . . . . . . . Wheels 7041 | . . . . . . 399 413 447 5010 283 489 . . Hover 1380 | . . . . . . . . . . . 280 353 747 Flight 27 | . . . . . . . . . . . 27 . . Fastest Speed 40 | 50 160 160 160 190 190 130 130 145 100 145 40 56 56 Average Speed 157 | 139 160 160 220 201 193 140 130 145 133 517 206 56 56 Slowest Speed 2000 | 160 160 160 240 320 195 195 145 145 160 2000 1700 56 56 Overloaded Moves . | . . . . . . . . . . . . . . Propulsion Burnouts . | . . . . . . . . . . . . . . Robots Hopped 5 | . . . . . . . . . 4 . 1 . . Cave-ins Triggered . | . . . . . . . . . . . . . . Exploration Rate (%) 53 | 4 98 65 91 25 70 12 51 70 92 46 19 56 52 Regions Visited 13 Branch Regions 9 Pre-discovered Areas 5 | . 3 . . . . . 1 . 1 . . . . Known Exits Taken 5 | . 1 . . 1 1 1 1 . . . . . . Unknown Exits Taken 8 | 1 . 1 1 . . . . 1 1 1 1 1 . Scrap Searched 13 | . . 1 . 1 . . 1 2 5 1 . . 2 Spaces Dug 40 | . 6 . . . 2 . 3 . 2 1 13 . 13 Terrain Destroyed 199 | . 14 17 . . 2 1 3 . 2 133 14 . 13 Melee 39 | . 6 . . . 2 . 3 . 2 . 13 . 13 Projectile 5 | . . . . . . . . . . 4 1 . . AOE 155 | . 8 17 . . . 1 . . . 129 . . . Terrain Rammed . | . . . . . . . . . . . . . . Walls Destroyed . | . . . . . . . . . . . . . . Machines Disabled . | . . . . . . . . . . . . . . Actions | -11 -10 -10 -10 -9 -8 -7 -7 -7 -7 -6 -6 -6 -6 --------- Run | Yrd Mat Min Exi Min Mat Fac Low Low Zio Pro Fac Low Low Total 13275 | 51 952 345 573 293 957 547 450 454 5866 491 1145 356 795 Wait 1118 | 1 72 1 . 53 55 23 15 . 783 52 34 . 29 Move 11481 | 40 814 321 529 180 842 476 412 446 5001 363 958 352 747 Hop 5 | . . . . . . . . . 4 . 1 . . Pick Up 95 | . 10 1 6 6 19 3 3 5 20 6 15 . 1 Fast Attach 55 | 7 5 . . 2 2 2 . . 9 2 25 . 1 Attach 27 | . . . . 1 5 2 1 . 4 6 7 1 . Detach 16 | . . . . . . . . . 5 1 8 2 . Swap 92 | . 13 3 2 15 9 5 8 . 18 9 8 . 2 Drop 83 | . 9 1 1 9 18 5 1 3 15 6 13 . 2 Fire 131 | 3 22 14 . 27 4 14 7 . . 38 2 . . Melee 122 | . 6 4 4 . 2 . 3 . 7 8 74 1 13 Ram 1 | . . . . . . 1 . . . . . . . Kick 1 | . . . . . 1 . . . . . . . . Crush 1 | . 1 . . . . . . . . . . . . Escape Stasis 16 | . . . . . . 16 . . . . . . . Rewire 31 | . . . 31 . . . . . . . . . . Trap . | . . . . . . . . . . . . . . Miscellaneous . | . . . . . . . . . . . . . . Route ------- -11/Scrapyard -10/Materials (discovered 6 exits: *Mat x3 / *Min x2 / *Sub) -10/Mines (discovered 3 exits: *Mat x2 / *Exi) -10/Exiles (discovered 2 exits: [*Min x2]) -9/Mines (discovered 2 exits: *Mat x2) -8/Materials (discovered 3 exits: *Fac x2 / [*Sto]) -7/Factory (discovered 3 exits: *Fac x2 / *Low) -7/Lower Caves -7/Lower Caves (discovered 2 exits: *Fac / [*Zio]) -7/Zion -6/Proximity Caves -6/Factory (discovered 2 exits: Fac / [*Low]) -6/Lower Caves -6/Lower Caves History --------- Turn | Location | Event 11 | -11/Scrapyard | Discovered new exit (range 16) 77 | -11/Scrapyard | Entered Materials 314 | -10/Materials | Build established: Mutant 321 | -10/Materials | Discovered new exit (range 13) 626 | -10/Materials | Discovered new exit (range 6) 652 | -10/Materials | Discovered new exit (range 16) 677 | -10/Materials | Derelicts attacked the area 780 | -10/Materials | Discovered new exit (range 13) 917 | -10/Materials | Identified exit to Materials 996 | -10/Materials | Learned Storage stockpile data 1067 | -10/Materials | Learned location of Subcaves (-10) 1148 | -10/Materials | Discovered new exit (range 8) 1345 | -10/Materials | Identified exit to Mines 1345 | -10/Materials | Identified exit to Subcaves 1563 | -10/Materials | Entered Mines 2037 | -10/Mines | Deemed a non-threat by the Exiles lab entrance 2039 | -10/Mines | Discovered new exit (range 5) 2083 | -10/Mines | Excavation squad dispatched 2083 | -10/Mines | A large section of the Mines collapsed 2132 | -10/Mines | Entered Exiles 2132 | -10/Exiles | Found Exiles lab destroyed 2156 | -10/Exiles | Discovered new exit (range 15) 2361 | -10/Exiles | Opened EX-Vault 2369 | -10/Exiles | Found Prototype Device 2806 | -10/Exiles | Build established: Commander-Mutant 3322 | -10/Exiles | Discovered new exit (range 10) 3348 | -10/Exiles | Entered Mines 3348 | -9/Mines | Accompanied by 4 allies 3349 | -9/Mines | Assembled infested the area 3349 | -9/Mines | Identified exit to Materials 3354 | -9/Mines | Assisted by a Guerilla fighting off Assembled 3420 | -9/Mines | Lost 5 allies 3422 | -9/Mines | Core integrity fell below 50% 3439 | -9/Mines | Lost 3 parts (1p1n1w) 3447 | -9/Mines | Destroyed 7 combat bots 3513 | -9/Mines | Found DCF Scrap (13 items) 3630 | -9/Mines | Build established: Mutant 3873 | -9/Mines | Entered Materials 3873 | -8/Materials | Evolved 4 slots: Utility x3, Weapon x1 3940 | -8/Materials | Garrison activated, responded to threat 4158 | -8/Materials | Build established: Gunner 4193 | -8/Materials | Discovered new exit (range 3) 4816 | -8/Materials | Met 7R-MNS 5089 | -8/Materials | Discovered new exit (range 15) 5415 | -8/Materials | Learned Storage security intel 5459 | -8/Materials | Repaired Flexi-carbon Leg 5466 | -8/Materials | Learned location of 1 exit from Lower Caves 5541 | -8/Materials | Identified exit to Factory 5562 | -8/Materials | Learned 4 Lower Caves zone layouts 5573 | -8/Materials | Learned 4 Recycling zone layouts 5594 | -8/Materials | Learned 4 Recycling zone layouts 5623 | -8/Materials | Entered Factory 5623 | -7/Factory | Evolved 2 slots: Utility x2 5624 | -7/Factory | Caught up to 7R-MNS 5624 | -7/Factory | Identified exit to Lower Caves 5698 | -7/Factory | Discovered new exit (range 12) 5931 | -7/Factory | Discovered new exit (range 9) 6394 | -7/Factory | Entered Lower Caves 6395 | -7/Lower Caves | Identified exit to Lower Caves 6402 | -7/Lower Caves | Learned location of Extension (-5) 6429 | -7/Lower Caves | Learned location of 1 exit from Factory 6969 | -7/Lower Caves | Found Prototype Device 6992 | -7/Lower Caves | Entered another Lower Caves area 7345 | -7/Lower Caves | Discovered new exit (range 15) 7384 | -7/Lower Caves | Learned 4 Factory zone layouts 7420 | -7/Lower Caves | Learned Factory emergency access door positions 7549 | -7/Lower Caves | Encountered a Warlord checkpoint 7555 | -7/Lower Caves | Discovered new exit (range 9) 7645 | -7/Lower Caves | Entered Zion 7702 | -7/Zion | System corruption cleaned by Quarantine Array 7769 | -7/Zion | Given the Hacking Drone Bay 7777 | -7/Zion | Found Prototype Device 7783 | -7/Zion | Discovered new exit (range 11) 7952 | -7/Zion | Learned location of Quarantine (-2) 8084 | -7/Zion | Learned Factory emergency access door positions 8259 | -7/Zion | Build established: Mutant 8921 | -7/Zion | Learned Factory emergency access door positions 10802 | -7/Zion | Found CR-A16's Pointy Stick 11045 | -7/Zion | Found Prototype Processor 11045 | -7/Zion | Identified Spectral Analyzer 11051 | -7/Zion | Found Prototype Processor 11051 | -7/Zion | Identified Exp. Armor Integrity Analyzer 11054 | -7/Zion | Found Prototype Hackware 11054 | -7/Zion | Identified Exp. Hacking Suite 11060 | -7/Zion | Found Prototype Processor 11060 | -7/Zion | Identified Exp. Melee Analysis Suite 11061 | -7/Zion | System corruption reached 10% 11063 | -7/Zion | Found Prototype Processor 11063 | -7/Zion | Identified Exp. Targeting Computer 11069 | -7/Zion | Found Prototype Processor 11069 | -7/Zion | Identified Exp. Core Analyzer 11333 | -7/Zion | Build established: Derelict-Mutant 11951 | -7/Zion | Identified Hacking Drone Bay 12004 | -7/Zion | Identified Heart of Steel 12275 | -7/Zion | Build established: Mutant 13821 | -7/Zion | Met Imprinter 13840 | -7/Zion | Imprinted 13842 | -7/Zion | Declared Zion's savior 13963 | -7/Zion | Murdered 3 allies 13985 | -7/Zion | Build established: Gladiator 14595 | -7/Zion | Found Exp. Armor Integrity Analyzer 14599 | -7/Zion | Found Exp. Armor Integrity Analyzer 14812 | -7/Zion | Build established: Derelict-Mutant 15195 | -7/Zion | Entered Proximity Caves 15262 | -6/Proximity Caves | Attracted the attention of an 0b10 checkpoint 15434 | -6/Proximity Caves | Destroyed 8 combat bots 15572 | -6/Proximity Caves | Discovered new exit (range 15) 15597 | -6/Proximity Caves | Build established: Hacker-Mutant 16816 | -6/Proximity Caves | Learned location of 1 exit from Proximity Caves 16816 | -6/Proximity Caves | Learned 6 Upper Caves zone layouts 16816 | -6/Proximity Caves | Learned Research emergency access door positions 16816 | -6/Proximity Caves | Learned Extension emergency access door positions 16831 | -6/Proximity Caves | Core integrity fell below 50% 16918 | -6/Proximity Caves | Lost 6 parts (1p1u4w) 17249 | -6/Proximity Caves | Entered Factory 17249 | -6/Factory | Evolved 2 slots: Propulsion x2 17250 | -6/Factory | Identified exit to Factory 17733 | -6/Factory | Zion Infowar Resupply teleported in 18100 | -6/Factory | Core integrity fell below 50% 18130 | -6/Factory | Lost 9 parts (1p2n3u3w) 18259 | -6/Factory | Identified Army-in-a-Box 18300 | -6/Factory | Lost 3 allies 18543 | -6/Factory | Build established: Mutant 18639 | -6/Factory | Core integrity fell below 20% 18651 | -6/Factory | Zion Fire squad teleported in 18774 | -6/Factory | Terminal network hard line cut 19003 | -6/Factory | P-60 Hacker assimilated allied R9-XYD(i) 19525 | -6/Factory | Build established: Scavenger-Mutant 19525 | -6/Factory | Discovered new exit (range 4) 19528 | -6/Factory | Entered Lower Caves 19629 | -6/Lower Caves | Learned Factory emergency access door positions 19721 | -6/Lower Caves | Discovered new exit (range 13) 19730 | -6/Lower Caves | Entered another Lower Caves area 19799 | -6/Lower Caves | Encountered a Warlord checkpoint 19824 | -6/Lower Caves | Spotted B-75 Beast 20103 | -6/Lower Caves | Build established: Mutant 20217 | -6/Lower Caves | Destroyed by S-27 Virus with Autogun Last Messages --------------- 19912_ The unstable cave ceiling collapses. 19923_ BTX2P7#QC8OQSZ8N7,9U 19941_ Acquired 9 matter. 19949_ SBZJEAQPGRY|=C4E&